 Dungeon Crawl Stone Soup version 0.22-a0-412-g2b68d14 (webtiles) character file.

245 Borgoz the Skirmisher (level 6, -1/38 HPs)
             Began as a Gargoyle Abyssal Knight on May 12, 2018.
             Was a Priest of Lugonu.
             Slain by an orc
             ... wielding a cursed -1 short sword
              (2 damage)
             ... on level 3 of the Dungeon.
             The game lasted 00:03:46 (2777 turns).

Borgoz the Skirmisher (Gargoyle Abyssal Knight)     Turns: 2777, Time: 00:03:46

Health: -1/38      AC:  7    Str: 16    XL:     6   Next: 10%
Magic:  8/8        EV: 12    Int: 12    God:    Lugonu [***...]
Gold:   117        SH:  0    Dex: 11    Spells: 5/5 levels left

rFire    . . .     SeeInvis .   a - +1 hand axe
rCold    . . .     Gourm    .   (no shield)
rNeg     + . .     Faith    .   b - +0 leather armour
rPois    ∞         Spirit   .   (no helmet)
rElec    +         Reflect  .   (no cloak)
rCorr    .         Harm     .   (no gloves)
MR       .....                  (no boots)
Stlth    +.........             (no amulet)
HPRegen  0.12/turn              (no ring)
MPRegen  0.11/turn              (no ring)

@: no status effects
A: negative energy resistance 1, electricity resistance, unbreathing,
petrification resistance, rot immunity, AC +4
a: Depart the Abyss, Bend Space, Banish, Renounce Religion


You were on level 3 of the Dungeon.
You worshipped Lugonu.
Lugonu was most pleased with you.
You were not hungry.

You visited 1 branch of the dungeon, and saw 3 of its levels.
You visited the Abyss 1 time.

You collected 117 gold pieces.

Inventory:

Hand Weapons
 a - a +1 hand axe (weapon)
Armour
 b - a +0 leather armour (worn)
Wands
 e - a wand of flame (42)
Scrolls
 d - a scroll of amnesia {unknown}
 f - 3 scrolls of identify {unknown}
 h - 2 scrolls of enchant armour {unknown}
 i - 2 scrolls of magic mapping {unknown}
Potions
 g - 2 potions of might {unknown}
 j - 2 potions of curing
Comestibles
 c - 5 rations
 l - a chunk of flesh


   Skills:
 + Level 4.2 Fighting
 * Level 3.5 Axes
 + Level 3.3 Armour
 + Level 2.0 Dodging
 + Level 3.2 Invocations


You had 5 spell levels left.
You didn't know any spells.
Your spell library was empty.

Dungeon Overview and Level Annotations

Branches:
Dungeon (3/15)

Altars:
Ashenzari
Hepliaklqana
Nemelex Xobeh
Vehumet


Innate Abilities, Weirdness & Mutations

You are resistant to torment.
Your stone body is resilient. (AC +4)
You are immune to poison.
You resist negative energy. (rN+)
You are resistant to electric shocks. (rElec)
You can survive without breathing.
You are immune to petrification.
You are immune to rotting.


Message History

Your Dodging skill increases to level 2!
You have reached level 6!
Your experience leads to an increase in your attributes!
Increase (S)trength, (I)ntelligence, or (D)exterity?
You feel agile. The orc closely misses you.
You hit the orc.
The orc is heavily wounded.
The orc closely misses you.
You hit the orc.
The orc is almost dead.
The orc closely misses you.
You completely miss the orc.
The orc is almost dead.
The orc hits you with an enchanted short sword.
* * * LOW HITPOINT WARNING * * *
You barely miss the orc.
The orc is almost dead.
The orc hits you with an enchanted short sword.
You die...

.......###...###.#
####...##....# #.#
..##...##....# #.#
#.####.......# #.#
#.# #.......# #.#
#.# #.......# #.#
'.# #######..##.#
### #.##)# # .##@#
# .#o# # #.# # #.#
..# ..# ..# #.>#


You could see an orc.

Vanquished Creatures
  2 orc priests (D:3)
  An orc wizard (D:3)
  Jessica (D:2)
  3 adders
  An ooze (D:1)
  A dart slug (D:1)
  4 leopard geckos
  11 orcs (D:3)
  A ball python (D:2)
  7 goblins
  9 hobgoblins
  8 jackals
  8 kobolds
  9 bats
  6 frilled lizards
  11 rats
83 creatures vanquished.

Notes
Turn   | Place    | Note
-------+----------+-------------------------------------------
     0 | Abyss:1  | Borgoz the Gargoyle Abyssal Knight began the quest for the Orb.
     0 | Abyss:1  | Reached XP level 1. HP: 14/14 MP: 2/2
    41 | Abyss:2  | Noticed a small abomination
    71 | D:1      | Escaped the Abyss
   102 | D:1      | Reached skill level 1 in Dodging
   102 | D:1      | Reached XP level 2. HP: 9/19 MP: 3/3
   104 | D:1      | Reached * piety under Lugonu
   418 | D:1      | Reached XP level 3. HP: 21/23 MP: 4/4
  1396 | D:2      | Noticed Jessica
  1400 | D:2      | Reached ** piety under Lugonu
  1418 | D:2      | Killed Jessica
  1418 | D:2      | Reached XP level 4. HP: 15/29 MP: 5/5
  1762 | D:2      | Found a radiant altar of Vehumet.
  1765 | D:2      | Found a shattered altar of Ashenzari.
  1768 | D:2      | Found a hazy altar of Hepliaklqana.
  1782 | D:2      | Found a sparkling altar of Nemelex Xobeh.
  2401 | D:3      | Reached XP level 5. HP: 33/33 MP: 7/7
  2617 | D:3      | Reached skill level 4 in Fighting
  2771 | D:3      | HP: 1/33 [orc priest/nerve-wracking pain (5)]
  2773 | D:3      | Reached *** piety under Lugonu
  2773 | D:3      | Reached XP level 6. HP: 2/38 MP: 8/8
  2776 | D:3      | HP: 1/38 [orc/enchanted short sword (1)]
  2777 | D:3      | Slain by an orc

Vault maps used:
D:1:      mainiacjoe_arrival_reflecting_pool, minmay_misc_feat_doors,
          st_stairs_1, minmay_misc_feat_x
D:2:      grunt_temple_overflow_cloverleaf, uniq_jessica
D:3:      nicolae_ru_great_annihilating_truth
Abyss:1:  minivault_25
Abyss:2:  abyss_exit_lava, due_exit_kobolds

Skill      XL: |  1  2  3  4  5 |
---------------+----------------+-----
Axes           | 2 3 |  3.5
Dodging        | 1 2 |  2.0
Armour         | 3 |  3.3
Fighting       | 4 |  4.2
Invocations    | 3 |  3.2

Action                   |  1- 3 |  4- 6 || total
-------------------------+-------+-------++-------
Melee: Hand axe          |   142 |   153 ||   295
Invok: Depart the Abyss  |     1 |       ||     1
  Use: Potion            |     1 |     2 ||     3
       Scroll            |     1 |       ||     1
  Eat: Chunk             |     2 |     4 ||     6
Armor: Leather armour    |    72 |    86 ||   158
Dodge: Dodged            |    96 |    93 ||   189

Table legend:
 A = Spawn XP
 B = Non-spawn XP
 C = Spawn XP percentage of total XP
 D = Spawn monster count
 E = Non-spawn monster count
 F = Spawn count percentage of total count
 G = Total turns spent on level
                    A         B        C        D         E        F      G
               +---------+---------+-------+---------+---------+-------+---------
         Total |       0 |     351 |   0.0 |       0 |      83 |   0.0 |  2777
               +---------+---------+-------+---------+---------+-------+---------
           D:1 |       0 |      62 |   0.0 |       0 |      33 |   0.0 |   865
           D:2 |       0 |      73 |   0.0 |       0 |      17 |   0.0 |  1107
           D:3 |       0 |     216 |   0.0 |       0 |      33 |   0.0 |   734
               +---------+---------+-------+---------+---------+-------+---------
